 Dungeon Crawl Stone Soup version 0.19.1-1-g22dce08 (webtiles) character file.

285 Alarkh the Chopper (level 6, 41/47 HPs)
             Began as a Demonspawn Monk on Jan 7, 2017.
             Quit the game on level 3 of the Dungeon.
             The game lasted 00:03:07 (2304 turns).

Alarkh the Chopper (Demonspawn Monk)                Turns: 2304, Time: 00:03:08

Health: 41/47      AC:  4    Str: 12    XL:     6   Next: 7%
Magic:  6/6        EV: 13    Int: 17    God:
Gold:   47         SH:  2    Dex: 17    Spells: 0 memorised, 5 levels left

rFire  . . .     SeeInvis .     a - +0 hand axe
rCold  + . .     Gourm    .     b - +0 robe
rNeg   . . .     Faith    .     (no shield)
rPois  .         Spirit   .     (helmet restricted)
rElec  .         Reflect  +     i - +0 cloak
rCorr  .         Harm     .     (no gloves)
MR     +....                    (no boots)
Stlth  ++........               f - +2 amulet of reflection
                                (no ring)
                                (no ring)

@: no status effects
A: horns 2, agile 1, clever 2, cold resistance 1, magic resistance 1, powered by
death 1, screaming 1, shaggy fur 1
a: no special abilities


You were on level 3 of the Dungeon.
You were hungry.

You visited 1 branch of the dungeon, and saw 3 of its levels.
You also visited: Sewer.

You collected 47 gold pieces.

Inventory:

Hand Weapons
 a - a +0 hand axe (weapon)
Armour
 b - a +0 robe (worn)
 i - a +0 cloak (worn)
Jewellery
 f - a +2 amulet of reflection (around neck)
Scrolls
 e - a scroll of teleportation {unknown}
 g - a scroll of amnesia {unknown}
 l - a scroll of remove curse {unknown}
 m - a scroll of enchant weapon {unknown}
Potions
 d - a potion of flight
 j - 2 potions of heal wounds {unknown}
 n - 2 potions of degeneration {unknown}
Comestibles
 c - 2 bread rations
 h - a beef jerky
 k - a meat ration


   Skills:
 - Level 3.0 Fighting
 + Level 6.2 Axes
 - Level 2.6 Dodging
 - Level 1.7 Stealth


You had 5 spell levels left.
You didn't know any spells.

Dungeon Overview and Level Annotations

Branches:
Dungeon (3/15)

Altars:
Fedhas


Innate Abilities, Weirdness & Mutations

You have a pair of horns on your head.
Your flesh is cold resistant. (rC+)
You regenerate a little health from kills.
You are agile. (Dex +2)
Your mind is very acute. (Int +4)
You are resistant to hostile enchantments. (MR+)
You occasionally shout uncontrollably at your foes.
You are covered in fur. (AC +1)


Message History

Jessica the Apprentice Sorceress comes into view.
She is wielding a club.
Jessica is nearby!
Jessica is nearby!
Jessica is nearby!
Jessica shouts!
Found a short sword.
Found a meat ration.
You closely miss Jessica. Jessica barely misses you.
You hit Jessica but do no damage. You headbutt Jessica.
Jessica is heavily wounded.
Jessica hits you with a club.
You slash Jessica!
You kill Jessica!
You have reached level 6!
Your experience leads to an increase in your attributes!
Your base attributes are Str 12, Int 12, Dex 15.
Increase (S)trength, (I)ntelligence, or (D)exterity?
You feel clever.
Your demonic ancestry asserts itself...
You feel resistant to cold.
Are you sure you want to abandon this character and quit the game? (Confirm with "yes".)

#.##### #.###.#.. #.#
#.###.... #.#
#........
#.#######..######
#.[...>......#
#########..#.#
############....#
#...............##
#..@######.......#
#.%.)...#..........#
..........#.##.......#
###...).%.#.###.>...##
###...###.# ##.).###
#...# #.#####....#
##### #......#...#
#######....#
..........####


There were no monsters in sight!

Vanquished Creatures
  A big kobold (Sewer)
  An orc wizard (D:3)
  Terence (D:3)
  Jessica (D:3)
  Robin (D:3)
  A river rat (Sewer)
  4 adders (D:2)
  2 dart slugs
  A leopard gecko (D:2)
  3 orcs (D:3)
  A ball python (D:1)
  2 giant cockroaches (D:1)
  9 goblins
  13 hobgoblins
  A jackal (Sewer)
  5 kobolds
  3 quokkas
  6 bats
  4 frilled lizards
  14 rats
74 creatures vanquished.

Notes
Turn   | Place    | Note
-------+----------+-------------------------------------------
     0 | D:1      | Alarkh the Demonspawn Monk began the quest for the Orb.
     0 | D:1      | Reached XP level 1. HP: 18/18 MP: 1/1
    85 | D:1      | Reached skill level 3 in Axes
   110 | D:1      | Gained mutation: You have a pair of small horns on your head. [demonic ancestry]
   110 | D:1      | Reached XP level 2. HP: 20/24 MP: 2/2
   620 | D:2      | Reached XP level 3. HP: 28/29 MP: 3/3
   706 | D:2      | Reached skill level 4 in Axes
   713 | D:2      | Found a faded altar of an unknown god.
   875 | D:2      | Noticed Robin
   882 | D:2      | Gained mutation: You are resistant to hostile enchantments. (MR+) [potion of mutation]
   882 | D:2      | Gained mutation: You are covered in fur. (AC +1) [potion of mutation]
   882 | D:2      | Gained mutation: Your mind is acute. (Int +2) [potion of mutation]
   884 | D:2      | Gained mutation: You are agile. (Dex +2) [potion of mutation]
   884 | D:2      | Gained mutation: Your mind is very acute. (Int +4) [potion of mutation]
   884 | D:2      | Gained mutation: You occasionally shout uncontrollably at your foes. [potion of mutation]
  1099 | D:2      | Found a blossoming altar of Fedhas.
  1156 | D:2      | Gained mutation: You have a pair of horns on your head. [demonic ancestry]
  1156 | D:2      | Reached XP level 4. HP: 35/35 MP: 4/4
  1499 | D:3      | Reached skill level 5 in Axes
  1590 | D:3      | Found a glowing drain.
  1598 | Sewer    | Entered a sewer
  1607 | Sewer    | Gained mutation: You regenerate a little health from kills. [demonic ancestry]
  1607 | Sewer    | Reached XP level 5. HP: 39/41 MP: 5/5
  1930 | Sewer    | Found a white marble altar of Elyvilon.
  2137 | D:3      | Noticed Terence
  2149 | D:3      | Killed Terence
  2149 | D:3      | Reached skill level 6 in Axes
  2251 | D:3      | Killed Robin
  2298 | D:3      | Noticed Jessica
  2303 | D:3      | Killed Jessica
  2303 | D:3      | Gained mutation: Your flesh is cold resistant. (rC+) [demonic ancestry]
  2303 | D:3      | Reached XP level 6. HP: 40/47 MP: 6/6
  2304 | D:3      | Quit the game

Skill      XL: |  1  2  3  4  5 |
---------------+----------------+-----
Axes           | 3 4 5 6 |  6.2
Fighting       | |  3.0
Dodging        | |  2.6
Stealth        | |  1.7

Action                   |  1- 3 |  4- 6 || total
-------------------------+-------+-------++-------
Melee: Hand axe          |    99 |    99 ||   198
       Headbutt          |    16 |    23 ||    39
  Use: Potion            |     2 |     3 ||     5
       Scroll            |     1 |       ||     1
 Stab: Sleeping          |     2 |     3 ||     5
  Eat: Chunk             |     1 |     3 ||     4
Armor: Robe              |    21 |    16 ||    37
Dodge: Dodged            |    81 |    54 ||   135
Block: Other             |     2 |     3 ||     5
